 Dungeon Sprint DCSS version 0.23-a0-726-g9fa1570 (webtiles) character file.

900 Lanoc the Basher (level 7, -7/79 HPs)
             Began as a Troll Berserker on Jan 16, 2019.
             Was a High Priest of Trog.
             Mangled by a yak (14 damage)
             ... in the Dungeon (Sprint IX: "|||||||||||||||||||||||||||||").
             The game lasted 00:01:14 (222 turns).

Lanoc the Basher (Troll Berserker)                   Turns: 222, Time: 00:01:15

Health: -7/79      AC:  6    Str: 31    XL:     7   Next: 79%
Magic:  6/6        EV: 15    Int:  3    God:    Trog [*****.]
Gold:   0          SH:  0    Dex:  9    Spells: 6/6 levels left

rFire    . . .     SeeInvis .   a - +0 mace
rCold    . . .     Gourm    +   (no shield)
rNeg     . . .     Faith    .   b - +0 animal skin
rPois    .         Spirit   .   (helmet restricted)
rElec    .         Reflect  .   q - +0 cloak
rCorr    .         Harm     .   (gloves unavailable)
MR       .....     NoTele   +   (boots unavailable)
Stlth    +.........             (no amulet)
HPRegen  0.63/turn              o - +2 ring of evasion
MPRegen  0.10/turn              p - +3 ring of strength

@: berserk cooldown, slowed, very slow
A: large, unfitting armour, claws 3, fast metabolism 3, gourmand, regeneration
1, shaggy fur 1, tough skin 2
a: Berserk, Trog's Hand, Brothers in Arms, Renounce Religion


You were in the Dungeon.
You worshipped Trog.
Trog was extremely pleased with you.
You were very full.

You visited 1 branch

Inventory:

Hand Weapons
 a - a +0 mace (weapon)
 n - a +2 dire flail of holy wrath
Armour
 b - a +0 animal skin (worn)
 q - a +0 cloak (worn)
Jewellery
 o - a +2 ring of evasion (left claw)
 p - a +3 ring of strength (right claw)
Wands
 m - a wand of iceblast (10)
Scrolls
 i - 2 scrolls of blinking
 l - 3 scrolls of remove curse
Potions
 d - 5 potions of curing
 e - 3 potions of heal wounds
 f - a potion of haste
 g - 4 potions of magic
 h - a potion of berserk rage
 k - a potion of invisibility
Comestibles
 c - 2 rations
 j - a chunk of flesh


   Skills:
 + Level 7.6 Fighting
 * Level 11.3 Maces & Flails
 + Level 7.6 Dodging


You had 6 spell levels left.
You didn't know any spells.
Your spell library was empty.

Dungeon Overview and Level Annotations

Branches:
Dungeon (1/1)

Altars:
Cheibriados
Dithmenos
Elyvilon
Fedhas
Gozag
Hepliaklqana
Kikubaaqudgha
Makhleb
Nemelex Xobeh
Okawaru
Qazlal
Ru
Sif Muna
Trog
Uskayaw
Vehumet
Wu Jian
Xom
Yredelemnul
Zin
The Shining One
Beogh
Jiyva
Lugonu


Innate Abilities, Weirdness & Mutations

You are too large for most types of armour.
You have claws for hands.
Your metabolism is lightning-fast.
You like to eat raw meat.
Your natural rate of healing is unusually fast.
You are covered in fur. (AC +1)
You have very tough skin. (AC +2)


Message History

Trog accepts your kill. The yak closely misses you.
You see here a +0 dagger.
You barely miss the yak.
You are no longer berserk.
You are exhausted.
You feel yourself slow down.
You barely miss the yak. The yak misses you.
You hit the yak.
The yak is lightly wounded.
The yak snorts and paws the ground.
The yak closely misses you. The yak gores you!
* * * LOW HITPOINT WARNING * * *
You sock the yak!
The yak is moderately wounded.
The yak gores you but does no damage.
You hit the yak but do no damage.
The yak is moderately wounded.
The yak gores you!
You die... ▓▓▓▓▓▓▓▓▓▓▓▓▓▓▓▓▓▓▓▓▓▓▓ ?|).[[..[......)@Yo...+ ▓▓▓▓▓▓▓▓▓▓▓▓▓▓▓▓▓▓▓▓▓▓▓

You could see a yak and an orc.

Vanquished Creatures
  A two-headed ogre (D)
  A phantom (D)
  A centaur (D)
  2 jellies (D)
  A worker ant (D)
  An adder (D)
  A dart slug (D)
  A leopard gecko (D)
  2 orcs (D)
  2 bat skeletons (D)
  A bat zombie (D)
  A kobold (D)
  2 bats (D)
  A frilled lizard (D)
  A quokka skeleton (D)
  A quokka zombie (D)
20 creatures vanquished.

Notes
Turn   | Place    | Note
-------+----------+-------------------------------------------
     0 | D        | Lanoc the Troll Berserker began the quest for the Orb.
     0 | D        | Reached XP level 1. HP: 22/22 MP: 0/0
     9 | D        | Reached skill level 3 in Maces & Flails
    15 | D        | Reached ** piety under Trog
    42 | D        | Noticed a phantom
    42 | D        | Noticed a jelly
    46 | D        | Reached skill level 4 in Maces & Flails
    46 | D        | Reached XP level 2. HP: 31/31 MP: 1/1
    59 | D        | Reached *** piety under Trog
    60 | D        | Reached skill level 5 in Maces & Flails
    60 | D        | Reached XP level 3. HP: 39/39 MP: 2/2
    74 | D        | Killed a phantom
    74 | D        | Reached skill level 7 in Maces & Flails
    74 | D        | Reached XP level 4. HP: 49/49 MP: 3/3
    74 | D        | Reached XP level 5. HP: 55/55 MP: 4/4
    88 | D        | Found a roughly hewn altar of Beogh.
    88 | D        | Found a snail-covered altar of Cheibriados.
    88 | D        | Found a shadowy altar of Dithmenos.
    88 | D        | Found a white marble altar of Elyvilon.
    88 | D        | Found a blossoming altar of Fedhas.
    88 | D        | Found an opulent altar of Gozag.
    89 | D        | Found a hazy altar of Hepliaklqana.
    90 | D        | Found a viscous altar of Jiyva.
    91 | D        | Found an ancient bone altar of Kikubaaqudgha.
    92 | D        | Found a corrupted altar of Lugonu.
    93 | D        | Found a burning altar of Makhleb.
    94 | D        | Found a sparkling altar of Nemelex Xobeh.
    95 | D        | Found an iron altar of Okawaru.
    96 | D        | Found a stormy altar of Qazlal.
    97 | D        | Found a sacrificial altar of Ru.
    98 | D        | Found a deep blue altar of Sif Muna.
    99 | D        | Found a bloodstained altar of Trog.
   100 | D        | Found a hide-covered altar of Uskayaw.
   101 | D        | Found a radiant altar of Vehumet.
   102 | D        | Found an ornate altar of the Wu Jian Council.
   103 | D        | Found a shimmering altar of Xom.
   104 | D        | Found a basalt altar of Yredelemnul.
   105 | D        | Found a glowing silver altar of Zin.
   106 | D        | Found a glowing golden altar of the Shining One.
   147 | D        | Noticed a centaur
   155 | D        | Killed a centaur
   155 | D        | Reached **** piety under Trog
   155 | D        | Reached skill level 5 in Fighting
   155 | D        | Reached skill level 8 in Maces & Flails
   155 | D        | Reached skill level 5 in Dodging
   166 | D        | Reached ***** piety under Trog
   198 | D        | Noticed a two-headed ogre
   198 | D        | Noticed a yak
   207 | D        | Killed a two-headed ogre
   207 | D        | Reached skill level 11 in Maces & Flails
   207 | D        | Reached XP level 6. HP: 16/71 MP: 5/5
   207 | D        | Reached XP level 7. HP: 18/78 MP: 6/6
   213 | D        | Received a gift from Trog
   222 | D        | Mangled by a yak

Vault maps used:
D:        linesprint

Skill      XL: |  1  2  3  4  5 |
---------------+----------------+-----
Maces & Flails | 4 5 7 11 | 11.3
Fighting       | 3 4 7 |  7.6
Dodging        | 3 4 7 |  7.6

Action                   |  1- 3 |  4- 6 |  7- 9 || total
-------------------------+-------+-------+-------++-------
Melee: Mace              |    49 |    27 |    13 ||    89
Invok: Berserk           |     1 |     1 |       ||     2
  Eat: Chunk             |       |     9 |       ||     9
Armor: Animal skin       |    18 |     5 |     4 ||    27
Dodge: Dodged            |    38 |    14 |     4 ||    56

Table legend:
 A = Non-vault XP
 B = Vault XP
 C = Vault XP percentage of total XP
 D = Non-vault monster count
 E = Vault monster count
 F = Vault count percentage of total count
                 A         B        C        D         E       F
            +---------+---------+-------+---------+---------+-------
      Total |       0 |    1286 | 100.0 |       0 |      20 | 100.0
            +---------+---------+-------+---------+---------+-------
          D |       0 |    1286 | 100.0 |       0 |      20 | 100.0
            +---------+---------+-------+---------+---------+-------
